 Dungeon Crawl Stone Soup version 0.25.1-2-g60ff931df9 (webtiles) character file.

Game seed: 12633628241819933185

167 hawla the Stinger (level 5, 0/38 HPs)
             Began as a Draconian Venom Mage on Nov 12, 2020.
             Slain by a mummy (13 damage)
             ... in an ossuary.
             The game lasted 00:09:11 (2959 turns).

hawla the Stinger (Draconian Venom Mage)            Turns: 2959, Time: 00:09:12

Health: 0/38       AC:  8    Str: 10    XL:     5   Next: 23%
Magic:  8/8        EV: 12    Int: 17    God:
Gold:   134        SH:  0    Dex: 11    Spells: 1/8 levels left

rFire    . . .     SeeInvis .   (no weapon)
rCold    . . .     Gourm    .   (no shield)
rNeg     . . .     Faith    .   (armour unavailable)
rPois    +         Spirit   .   (helmet restricted)
rElec    .         Reflect  .   (no cloak)
rCorr    .         Harm     .   f - +0 pair of gloves
MR       .....                  j - +1 pair of boots
Stlth    ++........             c - amulet of regeneration
HPRegen  0.52/turn              m - ring of poison resistance
MPRegen  0.11/turn              (no ring)

@: invisible
A: unfitting armour, cold-blooded, AC +5
a: no special abilities


You were in an ossuary.
You were very hungry.

You visited 1 branch of the dungeon, and saw 5 of its levels.
You also visited: Ossuary.

You collected 134 gold pieces.

Inventory:

Missiles
 g - 9 poisoned darts (quivered)
Armour
 f - a +0 pair of gloves (worn)
 j - a +1 pair of boots (worn)
Jewellery
 c - an amulet of regeneration (around neck)
 m - a ring of poison resistance (left hand)
Scrolls
 i - a scroll of fog
Potions
 e - a potion of curing
 h - a potion of magic
 k - a potion of heal wounds {unknown}
 n - a potion of ambrosia {unknown}
Comestibles
 b - 7 rations


   Skills:
 - Level 1.7 Dodging
 - Level 1.7 Stealth
 - Level 2.0 Spellcasting
 + Level 3.1 Transmutations
 + Level 2.3 Air Magic
 + Level 4.3 Poison Magic


You had one spell level left.
You knew the following spells:

 Your Spells              Type           Power        Failure   Level  Hunger
a - Sting                 Tmut/Pois      ##..         4%          1    #......
b - Poisonous Vapours     Pois/Air       ##....       8%          2    ###....
c - Olgreb's Toxic Radia  Pois           ###.....     32%         4    #####..

Your spell library contained the following spells:

 Spells                   Type           Power        Failure   Level  Hunger
 Ignite Poison            Fire/Tmut/Pois ##......     22%         3    ###....
 Mephitic Cloud           Conj/Pois/Air  #.......     24%         3    ###....


Dungeon Overview and Level Annotations

Branches:
Dungeon (5/15)            Ossuary (1/1)
 Temple: D:4-7

Altars:


Innate Abilities, Weirdness & Mutations

Your plain brown scales are hard. (AC +5)
You cannot fit into any form of body armour.
You are cold-blooded and may be slowed by cold attacks.


Message History

The orc zombie hits you but does no damage.
You hit the hobgoblin zombie.
The hobgoblin zombie is heavily damaged.
The orc zombie closely misses you.
The hobgoblin zombie hits you but does no damage.
The mummy closely misses you. The mummy barely misses you.
You hit the hobgoblin zombie but do no damage.
The hobgoblin zombie is heavily damaged.
The hobgoblin zombie barely misses you. The orc zombie closely misses you.
You hit the hobgoblin zombie but do no damage.
The hobgoblin zombie is heavily damaged.
The mummy hits you. The mummy hits you!
You hit the hobgoblin zombie but do no damage.
You tail-slap the hobgoblin zombie.
You destroy the hobgoblin zombie!
The orc zombie hits you but does no damage.
It was a potion of invisibility.
You fade into invisibility!
The mummy hits you!
You die...

#....#
#..Z.#
#....#
#....#
#....#
#....#
#.Z..#
#ZMM.#
#.@∩.#
######


You could see 2 mummies, a hobgoblin zombie, a gnoll zombie (wandering) and an
orc zombie.

Vanquished Creatures
  An orc priest (D:4)
  An orc wizard (D:4)
  A hound skeleton (D:5)
  3 adders (D:2)
  2 oozes
  A worm (D:2)
  2 dart slugs
  An orc (D:3)
  7 bats
  3 giant cockroaches
  4 goblins (D:1)
  6 hobgoblins
  3 jackals
  4 frilled lizards
  A hobgoblin zombie (Ossuary)
  9 kobolds
  An orc zombie (Ossuary)
  5 rats
55 creatures vanquished.

Notes
Turn   | Place    | Note
-------+----------+-------------------------------------------
     0 | D:1      | hawla the Draconian Venom Mage began the quest for the Orb.
     0 | D:1      | Reached XP level 1. HP: 14/14 MP: 3/3
   314 | D:1      | Reached XP level 2. HP: 17/20 MP: 0/5
   327 | D:1      | Learned a level 2 spell: Poisonous Vapours
  1174 | D:1      | Reached XP level 3. HP: 24/26 MP: 0/6
  1443 | D:2      | Reached skill level 1 in Air Magic
  2184 | D:2      | Reached XP level 4. HP: 33/33 MP: 0/7
  2591 | D:3      | Learned a level 4 spell: Olgreb's Toxic Radiance
  2695 | D:3      | Reached skill level 4 in Poison Magic
  2817 | D:3      | You fall into a shaft and drop 1 floor!
  2837 | D:4      | Reached XP level 5. HP: 38/38 MP: 0/8
  2846 | D:5      | Entered Level 5 of the Dungeon
  2906 | D:5      | Noticed an ogre
  2915 | D:5      | Found a sand-covered staircase.
  2920 | Ossuary  | Entered an ossuary
  2959 | Ossuary  | Slain by a mummy

Illustrated notes

Levels and vault maps discovered:
D:1:      matt_arrival_los_fun, layout_basic
D:2:      wad_pebble_path, layout_rooms
D:3:      minmay_recursive_quarters, layout_basic, serial_glass,
          glass_columns_b, glass_columns_a, first_ration, lemuel_flame_loot_1
D:4:      layout_basic, uniq_edmund, uniq_sigmund
D:5:      layout_rooms, kennysheep_mini_moat, lemuel_coloured_pillars_altar,
          marbit_many_paths, chequers_temple_overflow_minitemple,
          nicolae_overflow_crystal_walls, minmay_temple_entry_overgrown,
          enter_ossuary_5
Ossuary:  ossuary_tomb_3

Skill      XL: |  1  2  3  4 |
---------------+-------------+-----
Transmutations | 2 3 |  3.1
Air Magic      | 1 2 |  2.3
Poison Magic   | 4 |  4.3
Dodging        | |  1.7
Stealth        | |  1.7
Spellcasting   | |  2.0

Action                   |  1- 3 |  4- 6 || total
-------------------------+-------+-------++-------
Melee: Unarmed           |    20 |    36 ||    56
       Tailslap          |     3 |     5 ||     8
 Cast: Sting             |    50 |     7 ||    57
       Poisonous Vapours |    27 |    11 ||    38
       Olgreb's Toxic Ra |       |     1 ||     1
  Use: Potion            |     2 |     1 ||     3
       Scroll            |     3 |     4 ||     7
  Eat: Chunk             |     7 |     2 ||     9
Armor: Skin              |    35 |    20 ||    55
Dodge: Dodged            |    52 |    45 ||    97
